 Dungeon Crawl Stone Soup version 0.19-a0-1792-g28b16ba (webtiles) character file.

335 Amnesiac the Magician (level 6, -1/47 HPs)
             Began as a Mummy Wizard on Oct 5, 2016.
             Was an Initiate of Ashenzari.
             Slain by a killer bee (8 damage)
             ... on level 4 of the Dungeon.
             The game lasted 00:05:39 (2999 turns).

Amnesiac the Magician (Mummy Wizard)                Turns: 2999, Time: 00:05:41

Health: -1/47      AC:  2    Str: 11    XL:     6   Next: 28%
Magic:  5/12       EV: 12    Int: 17    God:    Ashenzari [......]
Gold:   257        SH:  0    Dex: 12    Spells: 6 memorised, 0 levels left

rFire  x . .     SeeInvis .     f - +2 dagger (venom) (curse)
rCold  + . .     Gourm    .     a - +0 robe
rNeg   + + +     Faith    .     (no shield)
rPois  ∞         Spirit   .     b - +0 hat
rElec  .         Dismiss  .     (no cloak)
rCorr  .         Reflect  .     (no gloves)
MR     .....     Harm     .     (no boots)
Stlth  ++........               (no amulet)
                                (no ring)
                                (no ring)

@: very slightly contaminated, repel missiles
A: no food or potions, fire vulnerability, cold resistance 1, negative energy
resistance 3, torment resistance, unbreathing
a: Curse Item, Renounce Religion


You were on level 4 of the Dungeon.
You worshipped Ashenzari.
Ashenzari was noncommittal.
You were not hungry.

You visited 1 branch of the dungeon, and saw 4 of its levels.

You collected 257 gold pieces.

Inventory:

Hand Weapons
 f - a cursed +2 dagger of venom (weapon)
Armour
 a - a +0 robe (worn)
 b - a +0 hat (worn)
 m - a cursed +0 ring mail
Wands
 e - a wand of slowing (20/48)
 j - a wand of heal wounds (6/9)
Scrolls
 d - a scroll of enchant armour {unknown}
 g - a scroll of amnesia
 h - 2 scrolls of blinking {unknown}
 i - a scroll of fear {unknown}
 k - 3 scrolls of identify
 l - a scroll of fog {unknown}
 n - a scroll of noise {unknown}
Books
 c - a book of Minor Magic

   Spells                             Type                      Level
   a - Magic Dart                     Conjuration                  1
   b - Blink                          Translocation                2
   c - Call Imp                       Summoning                    2
   d - Repel Missiles                 Charms/Air                   2
   e - Slow                           Hexes                        2
   f - Conjure Flame                  Conjuration/Fire             3
   g - Mephitic Cloud                 Conjuration/Poison/Air       3


   Skills:
 + Level 3.4 Fighting
 - Level 2.0 Short Blades
 - Level 2.0 Dodging
 - Level 3.0 Stealth
 - Level 4.0 Spellcasting
 - Level 1.0 Conjurations
 - Level 0.7 Summonings
 - Level 0.7 Translocations


You couldn't memorise any spells.
You knew the following spells:

 Your Spells              Type           Power        Failure   Level  Hunger
a - Repel Missiles        Chrm/Air       #.....       24%         2    N/A
b - Blink                 Tloc           N/A          21%         2    N/A
d - Call Imp              Summ           #.......     21%         2    N/A
e - Mephitic Cloud        Conj/Pois/Air  #.......     47%         3    N/A
f - Magic Dart            Conj           #...         12%         1    N/A
s - Conjure Flame         Conj/Fire      #.......     38%         3    N/A

Dungeon Overview and Level Annotations

Branches:
Dungeon (4/15)
 Temple: D:4-7

Altars:
Ashenzari
Fedhas
Gozag


Innate Abilities, Weirdness & Mutations

You do not eat or drink.
Your flesh is vulnerable to fire.
You are immune to poison.
Your flesh is cold resistant. (rC+)
You are immune to negative energy. (rN+++)
You are immune to unholy pain and torment.
You can survive without breathing.


Message History

The killer bee barely misses you.
The killer bee misses the killer bee.
The killer bee barely misses you.
The killer bee completely misses the killer bee.
Things that are here:
a killer bee corpse x2
The killer bee is engulfed in noxious fumes.
The killer bee appears confused.
The killer bee stings the killer bee!
The killer bee stings the killer bee.
Things that are here:
a killer bee corpse x2
You are too injured to fight recklessly!
You are too injured to fight recklessly!
The killer bee stings you!
* * * LOW HITPOINT WARNING * * *
The killer bee closely misses the killer bee.
You hit the killer bee.
The killer bee is poisoned.
The killer bee is heavily wounded.
The killer bee closely misses the killer bee.
The killer bee stings you!
You die...

#.# #.# #.#####
#.....# #####.#
..# #y# #.# #.#
#.#
#.#############
. #.#
#@y..........y#
######...# #.#
#y###########.#
........# #.#
#†# #.#
#####.### #.#
#.# #y# ...#
#.###.#


yy# #.##########.....# y# ....|............# . ################)# . #.# You
could see 3 killer bees.

Vanquished Creatures
  3 killer bees (D:4)
  A hound (D:4)
  An orc priest (D:3)
  An orc wizard (D:3)
  4 adders
  2 oozes
  3 worms
  2 dart slugs (D:1)
  3 leopard geckos
  10 orcs (D:3)
  A giant cockroach (D:1)
  6 goblins
  9 hobgoblins
  6 jackals
  5 kobolds
  A ball python (D:1)
  5 bats
  4 frilled lizards
  6 rats
73 creatures vanquished.

Vanquished Creatures (collateral kills)
  An orc (D:3)
1 creature vanquished.

Grand Total: 74 creatures vanquished

Notes
Turn   | Place    | Note
-------+----------+-------------------------------------------
     0 | D:1      | Amnesiac the Mummy Wizard began the quest for the Orb.
     0 | D:1      | Reached XP level 1. HP: 13/13 MP: 4/4
    36 | D:1      | Found a shattered altar of Ashenzari.
    42 | D:1      | Became a worshipper of Ashenzari the Shackled
    47 | D:1      | Reached skill level 1 in Conjurations
   453 | D:1      | Reached XP level 2. HP: 19/19 MP: 0/6
   492 | D:1      | Learned a level 2 spell: Call Imp
   783 | D:1      | Reached XP level 3. HP: 24/24 MP: 8/8
   788 | D:1      | Learned a level 3 spell: Mephitic Cloud
   792 | D:1      | Learned a level 3 spell: Conjure Flame
  1059 | D:1      | Reached skill level 4 in Spellcasting
  1197 | D:2      | Reached skill level 1 in Short Blades
  1421 | D:2      | Found a blossoming altar of Fedhas.
  1536 | D:2      | Reached XP level 4. HP: 26/30 MP: 10/10
  1818 | D:3      | Found an opulent altar of Gozag.
  1957 | D:3      | Reached XP level 5. HP: 34/35 MP: 7/11
  1989 | D:3      | Learned a level 2 spell: Repel Missiles
  2748 | D:3      | Reached skill level 1 in Fighting
  2950 | D:4      | Reached XP level 6. HP: 21/46 MP: 10/12
  2955 | D:4      | Learned a level 2 spell: Blink
  2999 | D:4      | Slain by a killer bee

Vault maps used:
D:1:      grunt_arrival_lava_bath, evilmike_ruin_ashenzari
D:2:      nicolae_overflow_hidden_temple, nicolae_overflow_crystal_walls
D:3:      first_bread, nicolae_gozag_cash_rules_everything_around_me
D:4:      black_bear_nest_1, uniq_duvessa

Skill      XL: |  1  2  3  4  5  6 |
---------------+-------------------+-----
Conjurations   | 1 |  1.0
Spellcasting   | 4 |  4.0
Short Blades   | 1 2 |  2.0
Stealth        | 2 3 |  3.0
Dodging        | 2 |  2.0
Fighting       | 2 3 |  3.4
Summonings     | |  0.7
Translocations | |  0.7

Action                   |  1- 3 |  4- 6 || total
-------------------------+-------+-------++-------
Melee: Unarmed           |     4 |       ||     4
       Dagger            |    62 |   131 ||   193
 Cast: Magic Dart        |    32 |       ||    32
       Mephitic Cloud    |       |     6 ||     6
       Call Imp          |       |     2 ||     2
       Repel Missiles    |       |     1 ||     1
Invok: Curse Item        |     1 |       ||     1
  Use: Scroll            |     2 |       ||     2
 Stab: Sleeping          |     1 |       ||     1
       Confused          |       |     5 ||     5
Armor: Robe              |    14 |    16 ||    30
Dodge: Dodged            |    51 |    76 ||   127
